| TOP OF THE 1ST |
|
University of California Golden Bears batting - Pitching for University of Michigan Wolverines : LHP Omar Gutierrez
|
|
Pitching: LHP Omar Gutierrez
|
|
|
Batting: LHB Luis Orellana
|
0-0: Foul Ball, location: 2F 0-1: Foul Ball, location: 2F 0-2: Ball 1-2: Ball 2-2: Strikes out swinging
|
|
Batting: RHB Tim Spence
|
0-0: Ball 1-0: Ball 2-0: Ball 3-0: Called Strike 3-1: Swinging Strike 3-2: Strikes out looking
|
|
Batting: LHB Carlos Gaona
|
0-0: Called Strike 0-1: Ball 1-1: Ball 2-1: Foul Ball, location: 2F 2-2: Strikes out swinging
|
| Top of the 1st over - 0 runs, 0 hits, 0 errors, 0 left on base; University of California 0 - University of Michigan 0 |
| BOTTOM OF THE 1ST |
|
University of Michigan Wolverines batting - Pitching for University of California Golden Bears : RHP Karl-Anthony Aure
|
|
Pitching: RHP Karl-Anthony Aure
|
|
|
Batting: RHB Chris Williamson
|
0-0: Called Strike 0-1: Ball 1-1: Ball 2-1: Foul Ball, location: 2F 2-2: Ball 3-2: Base on Balls
|
|
Batting: RHB Danny Arroyo
|
0-0: Sac Bunt to 15 - play at first, batter OUT! 1-3 Chris Williamson to second
|
|
Batting: RHB Quirino Portel
|
0-0: Foul Ball, location: 2F 0-1: Ball 1-1: Foul Ball, location: 2F 1-2: Strikes out looking
|
|
Batting: LHB Lance Sabo
|
0-0: Ball 1-0: Foul Ball, location: 2F 1-1: Ball 2-1: Foul Ball, location: 2F 2-2: Strikes out looking
|
| Bottom of the 1st over - 0 runs, 0 hits, 0 errors, 1 left on base; University of California 0 - University of Michigan 0 |
| TOP OF THE 2ND |
|
University of California Golden Bears batting - Pitching for University of Michigan Wolverines : LHP Omar Gutierrez
|
|
Batting: RHB Nate Mahon
|
0-0: Ball 1-0: Ball 2-0: Fly out, F8 (Flyball, 8RXD, EV 100.0 MPH)
|
|
Batting: SHB Nick Jansen
|
0-0: Ball 1-0: Called Strike 1-1: Ball 2-1: Foul Ball, location: 2F 2-2: Strikes out looking
|
|
Batting: RHB Juan Debayle
|
0-0: SINGLE (Line Drive, 7S, EV 104.4 MPH)
|
|
Batting: RHB Mike Wilson
|
0-0: Ball 1-0: Fly out, F7 (Line Drive, 7, EV 94.4 MPH)
|
| Top of the 2nd over - 0 runs, 1 hit, 0 errors, 1 left on base; University of California 0 - University of Michigan 0 |
| BOTTOM OF THE 2ND |
|
University of Michigan Wolverines batting - Pitching for University of California Golden Bears : RHP Karl-Anthony Aure
|
|
Batting: RHB Aaron Marakovits
|
0-0: Called Strike 0-1: Ball 1-1: Called Strike 1-2: Ball 2-2: Foul Ball, location: 2F 2-2: Strikes out swinging
|
|
Batting: RHB Mario Cruz
|
0-0: Ball 1-0: Foul Ball, location: 2F 1-1: Foul Ball, location: 2F 1-2: Ball 2-2: Strikes out swinging
|
|
Batting: SHB Henrik Berg
|
0-0: Called Strike 0-1: Called Strike 0-2: Strikes out swinging
|
| Bottom of the 2nd over - 0 runs, 0 hits, 0 errors, 0 left on base; University of California 0 - University of Michigan 0 |
| TOP OF THE 3RD |
|
University of California Golden Bears batting - Pitching for University of Michigan Wolverines : LHP Omar Gutierrez
|
|
Batting: LHB Jonathan Sosa
|
0-0: Ball 1-0: Ball 2-0: Swinging Strike 2-1: Ball 3-1: Base on Balls
|
|
Batting: RHB Bill Gallardo
|
0-0: Ball 1-0: Fly out, F8 (Flyball, 8RM, EV 89.4 MPH)
|
|
Batting: LHB Luis Orellana
|
0-0: Called Strike 0-1: Foul Ball, location: 2F 0-2: Ball 1-2: Foul Ball, location: 2F 1-2: Foul Ball, location: 2F 1-2: Strikes out swinging
|
|
Batting: RHB Tim Spence
|
0-0: Ball 1-0: Fielders Choice at 2nd, 6-4 (Groundball, 6MD, EV 88.8 MPH)
|
| Top of the 3rd over - 0 runs, 0 hits, 0 errors, 1 left on base; University of California 0 - University of Michigan 0 |
| BOTTOM OF THE 3RD |
|
University of Michigan Wolverines batting - Pitching for University of California Golden Bears : RHP Karl-Anthony Aure
|
|
Batting: LHB Murdock Cranton
|
0-0: Ball 1-0: Foul Ball, location: 2F 1-1: Foul Ball, location: 2F 1-2: Foul Ball, location: 2F 1-2: SINGLE (Groundball, 6D, EV 108.1 MPH)
|
|
Batting: RHB Torsten Ernst
|
0-0: Called Strike 0-1: SINGLE (Line Drive, 9S, EV 98.8 MPH) Murdock Cranton to second
|
|
Batting: RHB Chris Williamson
|
0-0: Ball 1-0: Foul Ball, location: 2F 1-1: Swinging Strike 1-2: Strikes out swinging
|
|
Pitching: RHP Danny Rodriguez
|
|
|
Batting: RHB Danny Arroyo
|
0-0: Sac Bunt to 23 - play at first, batter OUT! 3-4 Murdock Cranton to third Torsten Ernst to second
|
|
Batting: RHB Quirino Portel
|
0-0: Ball 1-0: Ground out 6-3 (Groundball, 6, EV 93.8 MPH)
|
| Bottom of the 3rd over - 0 runs, 2 hits, 0 errors, 2 left on base; University of California 0 - University of Michigan 0 |
| TOP OF THE 4TH |
|
University of California Golden Bears batting - Pitching for University of Michigan Wolverines : LHP Omar Gutierrez
|
|
Batting: LHB Carlos Gaona
|
0-0: Ball 1-0: Swinging Strike 1-1: Swinging Strike 1-2: Strikes out looking
|
|
Batting: RHB Nate Mahon
|
0-0: Ball 1-0: Called Strike 1-1: Ball 2-1: Ball 3-1: Called Strike 3-2: Foul Ball, location: 2F 3-2: Base on Balls
|
|
Batting: SHB Nick Jansen
|
0-0: Called Strike 0-1: Swinging Strike 0-2: Ball 1-2: Foul Ball, location: 2F 1-2: Ball 2-2: Foul Ball, location: 2F 2-2: 2-RUN HOME RUN (Flyball, 9D, EV 98.1 MPH), Distance : 371 ft
|
|
Batting: RHB Juan Debayle
|
0-0: Called Strike 0-1: Ball 1-1: Swinging Strike 1-2: Strikes out swinging
|
|
Batting: RHB Mike Wilson
|
0-0: Swinging Strike 0-1: Swinging Strike 0-2: Ball 1-2: Ball 2-2: Strikes out swinging
|
| Top of the 4th over - 2 runs, 1 hit, 0 errors, 0 left on base; University of California 2 - University of Michigan 0 |
| BOTTOM OF THE 4TH |
|
University of Michigan Wolverines batting - Pitching for University of California Golden Bears : RHP Danny Rodriguez
|
|
Pitching: LHP Adam Gavel
|
|
|
Batting: LHB Lance Sabo
|
0-0: Ball 1-0: Ball 2-0: Ball 3-0: Base on Balls
|
|
Batting: RHB Aaron Marakovits
|
0-0: Called Strike 0-1: Called Strike 0-2: Foul Ball, location: 2F 0-2: Ball 1-2: Strikes out swinging
|
|
Batting: RHB Mario Cruz
|
0-0: Fielders Choice at 2nd, 4-6 (Groundball, 4M, EV 98.8 MPH)
|
|
Batting: SHB Henrik Berg
|
0-0: Ball 1-0: Swinging Strike 1-1: Ground out 4-3 (Groundball, 4, EV 104.4 MPH)
|
| Bottom of the 4th over - 0 runs, 0 hits, 0 errors, 1 left on base; University of California 2 - University of Michigan 0 |
| TOP OF THE 5TH |
|
University of California Golden Bears batting - Pitching for University of Michigan Wolverines : LHP Omar Gutierrez
|
|
Batting: LHB Jonathan Sosa
|
0-0: DOUBLE (Line Drive, 9LM, EV 106.9 MPH)
|
|
Batting: RHB Bill Gallardo
|
0-0: Ball 1-0: Ball 2-0: Ball 3-0: Base on Balls
|
|
Batting: LHB Luis Orellana
|
0-0: Ball 1-0: Foul Ball, location: 2F 1-1: SINGLE (Line Drive, 78S, EV 111.9 MPH) Jonathan Sosa to third Bill Gallardo to second
|
|
Batting: RHB Tim Spence
|
0-0: Ball 1-0: Ball 2-0: Called Strike 2-1: Ball 3-1: Base on Balls Jonathan Sosa scores Bill Gallardo to third Luis Orellana to second
|
|
Batting: LHB Carlos Gaona
|
0-0: Called Strike 0-1: Called Strike 0-2: Strikes out swinging
|
|
Batting: RHB Nate Mahon
|
0-0: Foul Ball, location: 2F 0-1: Ball 1-1: Ball 2-1: Fly out, F8 (Flyball, 8RS, EV 80.6 MPH)
|
|
Batting: SHB Nick Jansen
|
0-0: Ball 1-0: Ball 2-0: Foul Ball, location: 2F 2-1: Swinging Strike 2-2: Ball 3-2: Foul Ball, location: 2F 3-2: Foul Ball, location: 2F 3-2: SINGLE (Groundball, 56S, EV 66.9 MPH) (infield hit) Bill Gallardo scores Luis Orellana to third Tim Spence to second
|
|
Batting: RHB Juan Debayle
|
0-0: Ball 1-0: DOUBLE (Flyball, 8LD, EV 108.1 MPH) Luis Orellana scores Tim Spence scores Nick Jansen to third Runner from 3rd tries for Home, SAFE, throw by CF to home
|
|
Batting: RHB Mike Wilson
|
0-0: Called Strike 0-1: Foul Ball, location: 2F 0-2: Foul Ball, location: 2F 0-2: Strikes out swinging
|
| Top of the 5th over - 5 runs, 4 hits, 0 errors, 1 left on base; University of California 7 - University of Michigan 0 |
| BOTTOM OF THE 5TH |
|
University of Michigan Wolverines batting - Pitching for University of California Golden Bears : LHP Adam Gavel
|
|
Pitching: RHP Travis Morris
|
|
|
Batting: LHB Murdock Cranton
|
0-0: Swinging Strike 0-1: Called Strike 0-2: Ball 1-2: Ball 2-2: Ground out 4-3 (Groundball, 4, EV 78.1 MPH)
|
|
Batting: RHB Torsten Ernst
|
0-0: Fly out, F9 (Flyball, 9S, EV 85.6 MPH)
|
|
Batting: RHB Chris Williamson
|
0-0: Ball 1-0: Ball 2-0: Ground out 5-3 (Groundball, 5, EV 87.5 MPH)
|
| Bottom of the 5th over - 0 runs, 0 hits, 0 errors, 0 left on base; University of California 7 - University of Michigan 0 |
| TOP OF THE 6TH |
|
University of California Golden Bears batting - Pitching for University of Michigan Wolverines : LHP Omar Gutierrez
|
|
Batting: LHB Jonathan Sosa
|
0-0: Fly out, F7 (Flyball, 78S, EV 93.1 MPH)
|
|
Batting: RHB Bill Gallardo
|
0-0: Ground out 1-3 (Groundball, 13S, EV 73.8 MPH)
|
|
Batting: LHB Luis Orellana
|
0-0: Ball 1-0: Ball 2-0: Ball 3-0: Base on Balls
|
|
Batting: RHB Tim Spence
|
0-0: Fly out, F8 (Flyball, 8LM, EV 85.0 MPH)
|
| Top of the 6th over - 0 runs, 0 hits, 0 errors, 1 left on base; University of California 7 - University of Michigan 0 |
| BOTTOM OF THE 6TH |
|
University of Michigan Wolverines batting - Pitching for University of California Golden Bears : RHP Travis Morris
|
|
Batting: RHB Danny Arroyo
|
0-0: Fly out, F9 (Flyball, 9LM, EV 101.2 MPH)
|
|
Batting: RHB Quirino Portel
|
0-0: SINGLE (Groundball, 6S, EV 71.9 MPH) (infield hit)
|
|
Batting: LHB Lance Sabo
|
0-0: Swinging Strike 0-1: Foul Ball, location: 2F 0-2: Strikes out swinging
|
|
Batting: RHB Aaron Marakovits
|
0-0: Ball 1-0: Swinging Strike 1-1: Foul Ball, location: 2F 1-2: Strikes out swinging
|
| Bottom of the 6th over - 0 runs, 1 hit, 0 errors, 1 left on base; University of California 7 - University of Michigan 0 |
| TOP OF THE 7TH |
|
University of California Golden Bears batting - Pitching for University of Michigan Wolverines : LHP Omar Gutierrez
|
|
Batting: LHB Carlos Gaona
|
0-0: SINGLE (Line Drive, 4D, EV 99.4 MPH)
|
|
Batting: RHB Nate Mahon
|
0-0: Grounds into double play, 6-4-3 (Groundball, 6, EV 100.0 MPH)
|
|
Batting: SHB Nick Jansen
|
0-0: Ground out 6-3 (Groundball, 6, EV 104.4 MPH)
|
| Top of the 7th over - 0 runs, 1 hit, 0 errors, 0 left on base; University of California 7 - University of Michigan 0 |
| BOTTOM OF THE 7TH |
|
University of Michigan Wolverines batting - Pitching for University of California Golden Bears : RHP Travis Morris
|
|
Pitching: LHP Jimmy Bolton
|
|
|
Batting: RHB Mario Cruz
|
0-0: Swinging Strike 0-1: Ball 1-1: Ball 2-1: Called Strike 2-2: SINGLE (Groundball, 6S, EV 95.0 MPH)
|
|
Batting: SHB Henrik Berg
|
0-0: Sac Bunt to 5S - play at first, batter OUT! 5-3 Mario Cruz to second
|
|
Batting: LHB Murdock Cranton
|
0-0: Called Strike 0-1: Foul Ball, location: 2F 0-2: Ball 1-2: Fly out, F8 (Flyball, 8LD, EV 98.8 MPH) Runner from 2nd tags up, SAFE at 3rd with throw by CF
|
|
Batting: RHB Torsten Ernst
|
0-0: SINGLE (Groundball, 56D, EV 101.2 MPH) Mario Cruz scores
|
|
Batting: RHB Chris Williamson
|
0-0: Called Strike 0-1: Swinging Strike 0-2: Foul Ball, location: 2F 0-2: Ball 1-2: Strikes out swinging
|
| Bottom of the 7th over - 1 run, 2 hits, 0 errors, 1 left on base; University of California 7 - University of Michigan 1 |
| TOP OF THE 8TH |
|
University of California Golden Bears batting - Pitching for University of Michigan Wolverines : LHP Omar Gutierrez
|
|
Batting: RHB Juan Debayle
|
0-0: Ball 1-0: Ball 2-0: Called Strike 2-1: Foul Ball, location: 2F 2-2: Foul Ball, location: 2F 2-2: Foul Ball, location: 2F 2-2: Ball 3-2: Reached on error, E3 (Groundball, 34, EV 79.4 MPH)
|
|
Batting: RHB Mike Wilson
|
0-0: Ball 1-0: Grounds into double play, 4-6-3 (Groundball, 4, EV 100.0 MPH)
|
|
Batting: LHB Jonathan Sosa
|
0-0: Ground out U3 (Groundball, 3L, EV 103.8 MPH)
|
| Top of the 8th over - 0 runs, 0 hits, 1 error, 0 left on base; University of California 7 - University of Michigan 1 |
| BOTTOM OF THE 8TH |
|
University of Michigan Wolverines batting - Pitching for University of California Golden Bears : LHP Jimmy Bolton
|
|
Batting: RHB Danny Arroyo
|
0-0: Ball 1-0: Called Strike 1-1: Ball 2-1: SINGLE (Groundball, 4MD, EV 108.1 MPH)
|
|
Pitching: RHP Luis Lopez
|
|
|
Batting: RHB Quirino Portel
|
0-0: Called Strike 0-1: Ball 1-1: SINGLE (Groundball, 4MD, EV 107.5 MPH) Danny Arroyo to second
|
|
Batting: LHB Lance Sabo
|
0-0: 3-RUN HOME RUN (Flyball, 9D, EV 98.1 MPH), Distance : 381 ft
|
|
Batting: RHB Aaron Marakovits
|
0-0: Called Strike 0-1: Called Strike 0-2: Strikes out looking
|
|
Batting: RHB Mario Cruz
|
0-0: Ball 1-0: Ground out 5-3 (Groundball, 5, EV 110.6 MPH)
|
|
Batting: SHB Henrik Berg
|
0-0: Called Strike 0-1: Ball 1-1: Swinging Strike 1-2: Foul Ball, location: 2F 1-2: Strikes out swinging
|
| Bottom of the 8th over - 3 runs, 3 hits, 0 errors, 0 left on base; University of California 7 - University of Michigan 4 |
| TOP OF THE 9TH |
|
University of California Golden Bears batting - Pitching for University of Michigan Wolverines : LHP Omar Gutierrez
|
|
Batting: RHB Bill Gallardo
|
0-0: Called Strike 0-1: Called Strike 0-2: Ball 1-2: Strikes out swinging
|
|
Batting: LHB Luis Orellana
|
0-0: Called Strike 0-1: Ball 1-1: Ball 2-1: SINGLE (Groundball, 5D, EV 105.0 MPH)
|
|
Batting: RHB Tim Spence
|
0-0: Ball 1-0: Ball 2-0: Swinging Strike 2-1: Called Strike 2-2: Ball 3-2: Base on Balls Luis Orellana to second
|
|
Batting: LHB Carlos Gaona
|
0-0: Foul Ball, location: 2F 0-1: Ball 1-1: Swinging Strike 1-2: Strikes out swinging
|
|
Batting: RHB Nate Mahon
|
0-0: Called Strike 0-1: Ball 1-1: SINGLE (Flyball, 7LS, EV 90.6 MPH) Luis Orellana to third Tim Spence to second Runner from 3rd tries for Home, SAFE, throw by LF to home
|
|
Batting: SHB Nick Jansen
|
0-0: Ball 1-0: Ground out 1-3 (Groundball, 15, EV 69.4 MPH)
|
| Top of the 9th over - 1 run, 2 hits, 0 errors, 2 left on base; University of California 8 - University of Michigan 4 |
| BOTTOM OF THE 9TH |
|
University of Michigan Wolverines batting - Pitching for University of California Golden Bears : RHP Luis Lopez
|
|
Pitching: RHP Luis Rojas
|
|
|
Batting: LHB Murdock Cranton
|
0-0: Called Strike 0-1: Swinging Strike 0-2: Ball 1-2: Ball 2-2: Strikes out swinging
|
|
Batting: RHB Torsten Ernst
|
0-0: Ball 1-0: Swinging Strike 1-1: Ball 2-1: Swinging Strike 2-2: Ball 3-2: Base on Balls
|
|
Batting: RHB Chris Williamson
|
0-0: Ball 1-0: Fly out, F8 (Flyball, 89M, EV 78.1 MPH)
|
|
Batting: RHB Danny Arroyo
|
0-0: Ball 1-0: Foul Ball, location: 2F 1-1: SINGLE (Groundball, 4D, EV 109.4 MPH) Torsten Ernst to second
|
|
Batting: RHB Quirino Portel
|
0-0: Fielders Choice at 2nd, 6-4 (Groundball, 6, EV 102.5 MPH)
|
| Bottom of the 9th over - 0 runs, 1 hit, 0 errors, 2 left on base; University of California 8 - University of Michigan 4 |
|